 Dungeon Crawl Stone Soup version 0.30-a0-738-g116ff8c4af (webtiles) character file.

Game seed: 5953025535097540200

222 lessens the Cutter (level 5, -2/24 HPs)
             Began as a Vine Stalker Enchanter on Feb 4, 2023.
             Succumbed to a scorpion's poison
             ... on level 4 of the Dungeon.
             The game lasted 00:03:56 (2793 turns).

lessens the Cutter (Vine Stalker Enchanter)         Turns: 2793, Time: 00:03:57

Health: -2/24      AC:  2    Str: 18    XL:     5   Next: 99%
Magic:  1/9        EV: 12    Int: 15    God:
Gold:   136        SH:  0    Dex: 15    Spells: 8/8 levels left

rFire   . . .      SeeInvis .    s - +0 rapier
rCold   . . .      Faith    .    (no shield)
rNeg    . . .      Spirit   +    b - +0 robe
rPois   .          Reflect  .    (no helmet)
rElec   .          Harm     .    (no cloak)
rCorr   .          Rampage  .    (no gloves)
Will    .....                    (no boots)
Stlth   ++                       (no amulet)
HPRegen 1.04/turn                r - +6 ring of strength
MPRegen 0.11/turn                (no ring)

@: lethally poisoned (-2 -> -12)
A: fangs 2, regeneration 1, magic shield, antimagic bite, no potion heal 2
a: no special abilities


You were on level 4 of the Dungeon.
You visited 1 branch of the dungeon, and saw 4 of its levels.

You collected 136 gold pieces.

Inventory:

Hand Weapons
 a - a +1 dagger
 s - a +0 rapier (weapon)
Missiles
 d - 12 stones (quivered)
 e - 4 poisoned darts
 g - 6 silver javelins
 q - 3 boomerangs
Armour
 b - a +0 robe (worn)
 m - a +1 hat
Jewellery
 r - a +6 ring of strength (left hand)
Scrolls
 f - 4 scrolls of identify {unknown}
 i - a scroll of amnesia {unknown}
 k - 3 scrolls of fear {unknown}
 p - a scroll of acquirement {unknown}
 w - a scroll of teleportation {unknown}
 x - 2 scrolls of noise {unknown}
Potions
 c - 2 potions of invisibility
 h - 2 potions of degeneration {unknown}
 j - 3 potions of ambrosia {unknown}
 l - 3 potions of curing
 n - a potion of lignification {unknown}
 o - 2 potions of mutation {unknown}
 t - a potion of heal wounds {unknown}
 u - a potion of attraction {unknown}
 v - a potion of haste


   Skills:
 + Level 5.2 Short Blades
 - Level 1.5 Dodging
 - Level 3.6 Stealth
 - Level 2.1 Spellcasting
 - Level 3.0 Hexes


You had 8 spell levels left.
You didn't know any spells.
Your spell library contained the following spells:

 Spells                   Type           Power      Damage    Failure   Level
 Ensorcelled Hibernation  Hex/Ice        12%        N/A       19%         2
 Confusing Touch          Hex            10%        N/A       19%         3
 Tukima's Dance           Hex            10%        N/A       19%         3
 Dazzling Flash           Conj/Hex       12%        N/A       34%         3


Dungeon Overview and Level Annotations

Branches:
Dungeon (4/15) Zot: 21234
 Temple: D:4-7

Altars:


Innate Abilities, Weirdness & Mutations

You have extremely sharp teeth.
Your natural rate of healing is unusually fast.
When hurt, damage is shared between your health and your magic reserves.
Your bite disrupts and absorbs the magic of your enemies.
Potions cannot restore your health.


Message History

A scorpion is nearby!
You closely miss the scorpion. The scorpion closely misses you.
You closely miss the scorpion.
You punch the scorpion, but do no damage.
The scorpion stings you.
You are poisoned.
The scorpion poisons you!
You hit the scorpion.
The scorpion is lightly wounded.
You feel very sick. The scorpion misses you.
You hit the scorpion but do no damage.
The scorpion is lightly wounded.
You feel sick. The scorpion stings you.
You are more poisoned.
The scorpion poisons you!
You puncture the scorpion!
You bite the scorpion, but do no damage.
The scorpion is heavily wounded.
You feel very sick. The scorpion misses you.
You are too injured to fight recklessly!
Okay, then.
It was a potion of curing.
Your system rejects the healing.
You feel better. The scorpion closely misses you.
The scorpion barely misses you. The scorpion attacks as you move away!
The scorpion stings you.
You are poisoned.
The scorpion poisons you!
You feel very sick.
You feel very sick.
You feel sick.
Okay, then.
You feel sick. The scorpion stings you.
* * * LOW HITPOINT WARNING * * *
You are lethally poisoned!
The scorpion poisons you! The scorpion attacks as you move away!
The scorpion stings you.
* * * LOW HITPOINT WARNING * * *
You die...

## >. ##.# # ####### ...# #.#
#.# #.....# #..#
#.###.#####.###.#####.# #..#
#.....................# #..#
#..##.#..s....#.##.#.##
#..#######..##.#@###.....##.#.#
.........#..##.#.# ##.#.......#
#.######)#..##.#.# #.#.###...#
.................# #.#.# [.#
#.##.###.#.......# #.#.# ##
.>.#.# #.##......####.#.#
#.##.# #.##.#.......)...#
..##.# #.##.##...####.###
####.# #.##...<.....).#


You could see a scorpion.

Vanquished Creatures
  A necrophage (D:4)
  An orc priest (D:3)
  An iguana (D:4)
  2 adders
  A worm (D:3)
  A dart slug (D:1)
  9 orcs
  5 ball pythons
  8 bats
  5 endoplasms
  5 giant cockroaches
  8 goblins
  5 hobgoblins
  4 jackals (D:3)
  5 quokkas
  3 frilled lizards
  4 kobolds
  3 rats
71 creatures vanquished.

Notes
Turn   | Place    | Note
-------+----------+-------------------------------------------
     0 | D:1      | lessens the Vine Stalker Enchanter began the quest for the
                  | Orb.
     0 | D:1      | Reached XP level 1. HP: 9/9 MP: 4/4
    45 | D:1      | Reached skill level 1 in Short Blades
   146 | D:1      | Reached XP level 2. HP: 12/13 MP: 6/6
   263 | D:1      | Reached skill level 2 in Short Blades
   654 | D:1      | Reached XP level 3. HP: 10/16 MP: 3/7
  1041 | D:2      | Reached skill level 3 in Short Blades
  1669 | D:3      | Gained mutation: Your natural rate of healing is unusually
                  | fast. [Vine Stalker growth]
  1669 | D:3      | Reached XP level 4. HP: 12/21 MP: 6/8
  2419 | D:4      | Noticed a necrophage
  2463 | D:3      | Reached skill level 4 in Short Blades
  2463 | D:3      | Reached XP level 5. HP: 4/24 MP: 1/9
  2628 | D:4      | Reached skill level 5 in Short Blades
  2793 | D:4      | HP: 1/24 [scorpion (3)]
  2793 | D:4      | Succumbed to a scorpion's poison

Illustrated notes

Levels and vault maps discovered:
D:1:      dpeg_arrival_simpleton_c, layout_loops_cross, minmay_unequal
D:2:      layout_basic
D:3:      layout_basic
D:4:      layout_loops_ring

Skill      XL: |  1  2  3  4  5 |
---------------+----------------+-----
Short Blades   | 1 2 3 4 5 |  5.2
Dodging        | |  1.5
Stealth        | |  3.6
Spellcasting   | |  2.1
Hexes          | |  3.0

Action                     |  1- 3 |  4- 6 || total
---------------------------+-------+-------++-------
  Melee: Dagger            |   125 |    58 ||   183
         Bite              |    33 |    34 ||    67
         Punch             |     1 |     1 ||     2
         Rapier            |       |    66 ||    66
    Use: Potion            |       |     1 ||     1
   Stab: Sleeping          |     9 |     4 ||    13
 Armour: Robe              |    25 |    12 ||    37
  Dodge: Dodged            |    64 |    71 ||   135

Table legend: (Time is in decaauts)
 A = Elapsed time spent in this place.
 B = Non-inter-level travel time spent in this place.
 C = Inter-level travel time spent in this place.
 D = Time resting spent in this place.
 E = Time spent auto-exploring this place.
 F = Levels seen in this place.
 G = Mean time per level.
                   A        B        C        D        E       F      G
               +--------+--------+--------+--------+--------+-----+--------+
         Total |   2765 |   2616 |    149 |     50 |   1995 |   4 |  691.2 |
       Dungeon |   2765 |   2616 |    149 |     50 |   1995 |   4 |  691.2 |
               +--------+--------+--------+--------+--------+-----+--------+

Top non-repeatable levels by time:
     D:3: 937 daAuts
     D:1: 836 daAuts
     D:2: 728 daAuts
     D:4: 263 daAuts
